 Dungeon Crawl Stone Soup version 0.27.1-37-g7b29ead8ac (console) character file.

Game seed: 9016705759433192599

44 grimtooth the Magician (level 3, -1/19 HPs)
             Began as a Deep Elf Hedge Wizard on July 29, 2023.
             Succumbed to a scorpion's poison
             ... on level 2 of the Dungeon.
             The game lasted 00:07:02 (1357 turns).

grimtooth the Magician (Deep Elf Hedge Wizard)      Turns: 1357, Time: 00:07:03

Health: -1/19      AC:  3    Str:  7    XL:     3   Next: 41%
Magic:  0/10       EV: 12    Int: 19    God:
Gold:   54         SH:  0    Dex: 14    Spells: 7/10 levels left

rFire    . . .     SeeInvis .   a - +0 dagger
rCold    . . .     Faith    .   (no shield)
rNeg     . . .     Spirit   .   b - +0 robe
rPois    .         Reflect  .   c - +0 hat
rElec    .         Harm     .   f - +0 cloak
rCorr    .         Rampage  .   (no gloves)
Will     .....                  (no boots)
Stlth    ++........             (no amulet)
HPRegen  0.06/turn              (no ring)
MPRegen  0.12/turn              (no ring)

@: lethally poisoned (-1 -> -13), flying
A: no striking features
a: no special abilities


You were on level 2 of the Dungeon.
You visited 1 branch of the dungeon, and saw 2 of its levels.

You collected 54 gold pieces.

Inventory:

Hand Weapons
 a - a +0 dagger (weapon)
Armour
 b - a +0 robe (worn)
 c - a +0 hat (worn)
 f - a +0 cloak (worn)
Scrolls
 d - 2 scrolls of teleportation {unknown}
 e - a scroll of enchant armour {unknown}
 g - a scroll of fear {unknown}
 h - a scroll of magic mapping {unknown}
 i - a scroll of identify {unknown}
 j - a scroll of enchant weapon {unknown}


   Skills:
 - Level 2.4 Dodging
 + Level 3.4 Stealth
 - Level 4.4 Spellcasting
 * Level 3.1 Conjurations
 + Level 1.2 Summonings
 - Level 1.1 Translocations


You had 7 spell levels left.
You knew the following spells:

 Your Spells              Type           Power      Damage    Failure   Level
a - Magic Dart            Conj           60%        1d6       3%          1
P - Call Imp              Summ           9%         N/A       12%         2

Your spell library contained the following spells:

 Spells                   Type           Power      Damage    Failure   Level
 Beastly Appendage        Tmut           8%         N/A       13%         1
 Blink                    Tloc           N/A        N/A       13%         2
 Slow                     Hex            4%         N/A       21%         2
 Wereblood                Tmut           4%         N/A       21%         2
 Conjure Flame            Conj/Fire      10%        6-21      22%         3
 Mephitic Cloud           Conj/Pois/Air  8%         N/A       26%         3
 Spider Form              Tmut/Pois      2%         N/A       36%         3


Dungeon Overview and Level Annotations

Branches:
Dungeon (2/15)

Altars:


Message History

The magic dart hits the scorpion.
The scorpion is moderately wounded.
The scorpion stings you.
You are poisoned.
The scorpion poisons you!
Your shadow imp gestures at the scorpion.
The scorpion struggles to resist.
You feel very sick.
Your crimson imp hits the scorpion but does no damage.
You feel sick.
Your crimson imp hits the scorpion but does no damage.
Your crimson imp hits the scorpion.
Casting: Magic Dart (safe; 3% risk of failure)
Confirm with . or Enter, or press ? or * to list all spells.
Aiming: Magic Dart (safe; 3% risk of failure)
Press: ? - help, Shift-Dir - straight line, f/p - scorpion
Aim: a scorpion (moderately wounded, ally target, 100% to hit)
The magic dart hits the scorpion but does no damage.
The scorpion is moderately wounded.
You feel sick. The scorpion stings you.
You are lethally poisoned!
The scorpion poisons you!
Your crimson imp closely misses the scorpion.
The scorpion stings you but does no damage.
Enter note: - am i dying again already
Press: ? - help, v - describe, . - travel
Here: a scorpion (moderately wounded, ally target)
The floor.
It was a potion of flight.
You feel very buoyant.
You fly up into the air.
* * * LOW HITPOINT WARNING * * *
You feel very sick.
Your shadow imp misses the scorpion.
Your crimson imp blinks!
Your crimson imp hits the scorpion.
The scorpion stings you.
* * * LOW HITPOINT WARNING * * *
Unknown command.
Enter note: - yep You die...

######.#### ..
..........###..
.....)..........#
................#
..............#
.........>..#
###..[.......#
#..†.........+
#.#....5.....# ###
#....5s....# #<#
#....§..@..+ #.#
##.....5...# #.#
#....#†######.#.#
####.#........#.#
####.#.########.#########
+........................
####.#.########..........
#.#.##################
#.#......... #.##########
#.#


You could see a scorpion (ally target), 2 friendly crimson imps and a friendly
shadow imp (summoned).

Vanquished Creatures
  A gnoll (D:1)
  An adder (D:2)
  A dart slug (D:1)
  An endoplasm (D:1)
  3 goblins
  2 hobgoblins (D:1)
  3 quokkas (D:1)
  6 ball pythons (D:1)
  2 bats (D:1)
  3 rats (D:1)
23 creatures vanquished.

Vanquished Creatures (collateral kills)
  A dart slug (D:2)
  A ball python (D:2)
2 creatures vanquished.

Grand Total: 25 creatures vanquished

Notes
Turn   | Place    | Note
-------+----------+-------------------------------------------
     0 | D:1      | grimtooth the Deep Elf Hedge Wizard began the quest for the
                  | Orb.
     0 | D:1      | Reached XP level 1. HP: 10/10 MP: 7/7
   123 | D:1      | Found a faded altar of an unknown god.
   411 | D:1      | Reached XP level 2. HP: 15/15 MP: 3/9
  1003 | D:1      | Reached XP level 3. HP: 8/19 MP: 0/10
  1206 | D:2      | Learned a level 2 spell: Call Imp
  1342 | D:2      | Noticed a scorpion
  1356 | D:2      | - am i dying again already
  1357 | D:2      | - yep
  1357 | D:2      | Succumbed to a scorpion's poison

Illustrated notes

######.#### ..
..........###..
.....)..........#
................#
..............#
.........>..#
###..[.......#
#..†.........+
#.#....5.....# ###
#....5s@...# #<#
#....5.....+ #.#
##.........# #.#
#....#†######.#.#
####.#........#.#
####.#.########.########
+.......................
####.#.########.........
#.#.#################
#.#.........
#.##########


Turn 1356 on D:2: - am i dying again already ######.#### .. ..........###..
.....)..........# ................# ..............# .........>..# ###..[.......#
#..†.........+ #.#....5.....# ### #....5s@...# #<# #....§.....+ #.# ##.....5...#
#.# #....#†######.#.# ####.#........#.# ####.#.########.########
+....................... ####.#.########......... #.#.#################
#.#......... #.########## Turn 1357 on D:2: - yep

Levels and vault maps discovered:
D:1:      giann_wishing_wells, layout_basic,
          ebering_ecumenical_altar_sacrificial
D:2:      cheibrodos_pilgrimage, layout_basic, serial_rivers,
          chequers_serial_rivers_micro_e, chequers_serial_rivers_small_b,
          chequers_serial_rivers_micro_b, chequers_serial_rivers_micro_e,
          chequers_serial_rivers_small_a

Skill      XL: |  1  2  3 |
---------------+----------+-----
Conjurations   | 2 3 |  3.1
Stealth        | 3 |  3.4
Dodging        | |  2.4
Spellcasting   | |  4.4
Summonings     | |  1.2
Translocations | |  1.1

Action                   || total
-------------------------++-------
 Cast: Magic Dart        ||    68
       Call Imp          ||     4
  Use: Potion            ||     1
Armor: Robe              ||     1
Dodge: Dodged            ||     6
